 Dungeon Crawl Stone Soup version 0.31-a0-267-g3fc6992b3b (webtiles) character file.

Game seed: 6067602712376319320

78 qw the Shooter (level 4, -4/36 HPs)
             Began as a Minotaur Hexslinger on July 14, 2023.
             Slain by a gnoll
             ... wielding a +0 spear
              (9 damage)
             ... on level 3 of the Dungeon.
             The game lasted 00:00:40 (1512 turns).

qw the Shooter (Minotaur Hexslinger)                Turns: 1512, Time: 00:00:41

Health: -4/36      AC:  5    Str: 12    XL:     4   Next: 15%
Magic:  4/4        EV: 11    Int: 10    God:
Gold:   83         SH:  0    Dex: 15    Spells: 4/5 levels left

rFire   . . .        Y - +1 sling
rCold   . . .        (no shield)
rNeg    . . .        f - +0 ring mail
rPois   .            (helmet restricted)
rElec   .            (no cloak)
rCorr   .            (no gloves)
SInv    .            (no boots)
Will    .....        (no amulet)
Stlth   +            (no ring)
HPRegen 0.26/turn    (no ring)
MPRegen 0.09/turn

%: no passive effects
@: no status effects
A: horns 2, retaliatory headbutt
a: no special abilities


You were on level 3 of the Dungeon.
You visited 1 branch of the dungeon, and saw 3 of its levels.

You collected 83 gold pieces.


Innate Abilities, Weirdness & Mutations

You have a pair of horns on your head.
You reflexively headbutt those who attack you in melee.


   Skills:
 - Level 2.0 Fighting
 + Level 4.5 Ranged Weapons
 - Level 1.0 Armour
 - Level 2.1 Dodging
 - Level 1.0 Spellcasting
 - Level 2.0 Hexes


You had 4 spell levels left.
You knew the following spells:

 Your Spells              Type           Power      Damage    Failure   Level
a - Slow                  Hex            16%        N/A       34%         1

Your spell library contained the following spells:

 Spells                   Type           Power      Damage    Failure   Level
 Inner Flame              Hex/Fire       2%         N/A       83%         3
 Portal Projectile        Hex/Tloc       4%         N/A       83%         3
 Cause Fear               Hex            2%         N/A       98%         4

Inventory:

Hand Weapons
 Y - a +1 sling (weapon)
Armour
 f - a +0 ring mail (worn)
Scrolls
 a - a scroll of identify
 g - 2 scrolls of enchant armour
Potions
 c - a potion of resistance {unknown}
 d - a potion of curing
 j - a potion of might {unknown}

Dungeon Overview and Level Annotations

Branches:
Dungeon (3/15)

Altars:


Message History

The gnoll is moderately wounded.
The gnoll hits you with a +0 whip!
The gnoll hits you from afar with a +0 spear.
The gnoll hits you but does no damage.
The gnoll hits you from afar with a +0 spear.
1506 ||| DRINKING potion of heal wounds.
You feel much better. The gnoll hits you but does no damage.
The gnoll hits you from afar with a +0 spear.
You shoot a sling bullet.
The sling bullet hits the gnoll but does no damage.
The gnoll is moderately wounded.
The gnoll hits you with a +0 whip.
The gnoll hits you from afar with a +0 spear.
You shoot a sling bullet.
The sling bullet barely misses the gnoll.
The sling bullet hits the gnoll!
The gnoll is severely wounded.
The gnoll barely misses you. The gnoll closely misses you.
You shoot a sling bullet.
The sling bullet barely misses the gnoll.
The sling bullet hits the gnoll but does no damage.
The gnoll is severely wounded.
The gnoll barely misses you. You furiously retaliate!
You headbutt the gnoll!
You kill the gnoll!
The gnoll barely misses you.
The gnoll hits you from afar with a +0 spear.
You shoot a sling bullet.
The sling bullet hits the gnoll but does no damage.
The gnoll hits you from afar with a +0 spear.
The gnoll hits you with a +0 whip. The gnoll barely misses you.
The gnoll hits you with a +0 whip.
You shoot a sling bullet. The sling bullet hits the gnoll!
The gnoll is heavily wounded.
The gnoll closely misses you. You furiously retaliate!
You headbutt the gnoll. The gnoll hits you but does no damage.
You shoot a sling bullet. The sling bullet hits the gnoll.
You kill the gnoll!
The gnoll hits you from afar with a +0 spear!
You die...

..............
.............
............
......=....
..........
#......g.
......))#
......#@#
........#
........#
.......<#
........#
.......##
....)..
.......
.....#.


You could see a gnoll.

Vanquished Creatures
  2 gnolls (D:3)
  An adder (D:2)
  2 worms
  A dart slug (D:1)
  3 bats
  6 endoplasms
  4 giant cockroaches
  6 goblins
  5 hobgoblins
  3 jackals (D:2)
  3 quokkas (D:1)
  7 ball pythons
  3 rats (D:1)
46 creatures vanquished.

Notes
Turn   | Place    | Note
-------+----------+-------------------------------------------
     0 | D:1      | qw the Minotaur Hexslinger began the quest for the Orb.
     0 | D:1      | Reached XP level 1. HP: 16/16 MP: 1/1
     0 | D:1      | 0 ||| qw: Version: 0.3-a-52-g30416fa
     0 | D:1      | 0 ||| qw: Game counter: 7901
     0 | D:1      | 0 ||| qw: Melee chars always use a shield: true
     0 | D:1      | 0 ||| qw: God list: Okawaru
     0 | D:1      | 0 ||| qw: Allow faded altars: false
     0 | D:1      | 0 ||| qw: Do Orc after clearing Dungeon:15 true
     0 | D:1      | 0 ||| qw: Do second Lair branch before Depths: true
     0 | D:1      | 0 ||| qw: Lair rune preference: random
     0 | D:1      | 0 ||| qw: Goals: Normal
     0 | D:1      | 0 ||| PLANNING D:1-11
   137 | D:1      | Reached skill level 3 in Ranged Weapons
   139 | D:1      | Reached XP level 2. HP: 23/23 MP: 2/2
   429 | D:1      | Reached XP level 3. HP: 26/29 MP: 3/3
   680 | D:1      | 680 ||| UPGRADING to +0 ring mail.
   690 | D:1      | 690 ||| DROPPING +0 robe.
   691 | D:1      | 691 ||| READING 4 scrolls labelled DIGINI XELERO.
   692 | D:1      | 692 ||| READING scroll labelled REISYRRAICA.
   693 | D:1      | 693 ||| DRINKING 2 purple potions.
   694 | D:1      | 694 ||| READING 3 scrolls of identify.
   694 | D:1      | 694 ||| IDENTIFYING dark potion
   695 | D:1      | 695 ||| READING 2 scrolls of identify.
   695 | D:1      | 695 ||| IDENTIFYING red potion
   696 | D:1      | 696 ||| DROPPING scroll of poison.
   697 | D:1      | 697 ||| DROPPING potion of brilliance.
   707 | D:2      | 707 ||| STAIRDANCE
   889 | D:2      | Reached skill level 4 in Ranged Weapons
   987 | D:2      | Reached skill level 1 in Armour
   988 | D:2      | HP: 7/29 [hobgoblin (4)]
   989 | D:2      | 989 ||| DRINKING 2 potions of heal wounds.
  1467 | D:2      | 1467 ||| DROPPING ring of magical power.
  1468 | D:2      | 1468 ||| READING scroll labelled DUSOTEN QATUSA.
  1471 | D:2      | 1471 ||| READING 2 scrolls labelled DOGROF VERUA.
  1472 | D:2      | 1472 ||| READING 3 scrolls labelled XIVVIV FAULLUM.
  1473 | D:2      | 1473 ||| DROPPING scroll of summoning.
  1501 | D:3      | Reached XP level 4. HP: 33/36 MP: 4/4
  1505 | D:3      | HP: 8/36 [gnoll/+0 spear (5)]
  1506 | D:3      | 1506 ||| DRINKING potion of heal wounds.
  1510 | D:3      | HP: 9/36 [gnoll/+0 spear (1)]
  1510 | D:3      | HP: 4/36 [gnoll/+0 whip (4)]
  1512 | D:3      | Slain by a gnoll

Levels and vault maps discovered:
D:1:      scummos_arrival_checkerplants, layout_loops_ring, minmay_tetromino_l4
D:2:      layout_basic, minmay_misc_feat_more_columns
D:3:      layout_rooms, nicolae_overflow_hidden_temple,
          chequers_ecumenical_altar_island

Skill      XL: |  1  2  3 |
---------------+----------+-----
Ranged Weapons | 3 4 |  4.5
Fighting       | 2 |  2.0
Armour         | 1 |  1.0
Dodging        | |  2.1
Spellcasting   | |  1.0
Hexes          | |  2.0

Action                     |  1- 3 |  4- 6 || total
---------------------------+-------+-------++-------
   Fire: Sling             |   147 |    11 ||   158
    Use: Scroll            |     7 |       ||     7
         Potion            |     2 |     1 ||     3
 Armour: Robe              |     5 |       ||     5
         Ring mail         |    19 |     4 ||    23
  Dodge: Dodged            |    49 |     8 ||    57

Table legend:
 A = Non-vault XP
 B = Vault XP
 C = Vault XP percentage of total XP
 D = Non-vault monster count
 E = Vault monster count
 F = Vault count percentage of total count
                 A         B        C        D         E       F
            +---------+---------+-------+---------+---------+-------
      Total |     122 |       5 |   3.9 |      43 |       3 |   6.5
            +---------+---------+-------+---------+---------+-------
        D:1 |      49 |       5 |   9.3 |      24 |       3 |  11.1
        D:2 |      38 |       0 |   0.0 |      13 |       0 |   0.0
        D:3 |      35 |       0 |   0.0 |       6 |       0 |   0.0
            +---------+---------+-------+---------+---------+-------
